 Dungeon Crawl Stone Soup version 0.31-a0-920-g28cbb04a8c (webtiles) character file.

Game seed: 16099073119460611658

93 Shayle the Ruffian (level 4, -4/33 HPs)
             Began as a Human Shapeshifter on Oct 18, 2023.
             Slain by a gnoll
             ... wielding a +0 flail
              (5 damage)
             ... on level 3 of the Dungeon.
             The game lasted 00:04:22 (1586 turns).

Shayle the Ruffian (Human Shapeshifter)             Turns: 1586, Time: 00:04:23

Health: -4/33      AC:  9    Str: 14    XL:     4   Next: 91%
Magic:  4/4        EV:  7    Int: 12    God:
Gold:   110        SH:  0    Dex: 13    Spells: 3/3 levels left

rFire   . . .        n - +0 broad axe
rCold   . . .        (no shield)
rNeg    . . .        g - +1 chain mail
rPois   .            (helmet currently unavailable)
rElec   .            (cloak currently unavailable)
rCorr   .            (gloves currently unavailable)
SInv    .            (boots currently unavailable)
Will    .....        (no amulet) Stlth
                     (no ring)
HPRegen 0.25/turn    (no ring)
MPRegen 0.09/turn

%: no passive effects
@: beast-form
A: beast (slay +1)
a: Begin Untransformation


You were on level 3 of the Dungeon.
You were a hulking beast.
You visited 1 branch of the dungeon, and saw 3 of its levels.

You collected 110 gold pieces.

Inventory:

Hand Weapons
 n - a +0 broad axe (weapon)
Armour
 a - a +0 animal skin
 g - a +1 chain mail (worn)
Jewellery
 m - a ring of willpower
Talismans
 c - a beast talisman (active)
 d - a flux talisman
Scrolls
 i - a scroll of immolation
 k - a scroll of blinking {unknown}
Potions
 b - a potion of lignification
 e - a potion of berserk rage
 f - a potion of degeneration {unknown}
 h - a potion of brilliance
 j - a potion of curing {unknown}
 l - a potion of invisibility {unknown}
 o - a potion of heal wounds {unknown}


   Skills:
 + Level 2.0 Fighting
 + Level 2.7 Dodging
 + Level 3.6 Unarmed Combat
 + Level 1.3 Earth Magic
 + Level 3.4 Shapeshifting


You had 3 spell levels left.
You didn't know any spells.
Your spell library contained the following spells:

 Spells                   Type           Power      Damage    Failure   Level
 Freeze                   Ice            0%         1d3       100%        1
 Frozen Ramparts          Ice            0%         1d1       100%        3
 Hailstorm                Conj/Ice       0%         3d3       100%        3
 Stone Arrow              Conj/Erth      2%         3d7       100%        3
 Animate Armour           Summ/Erth      2%         N/A       100%        4
 Lehudib's Crystal Spear  Conj/Erth      0%         10d2      100%        8


Dungeon Overview and Level Annotations

Branches:
Dungeon (3/15)

Altars:
Qazlal


Message History

The gnoll shouts!
A gnoll comes into view. It is wielding a +0 flail.
A gnoll comes into view. It is wielding a +0 whip.
The gnoll shouts!
You hear a shout!
A gnoll comes into view. It is wielding a +0 spear.
You slash the gnoll!
The gnoll is severely wounded.
The gnoll barely misses you. The gnoll hits you but does no damage.
You slash the gnoll!
You kill the gnoll!
You hear the slow rusting of a drain nearby.
The gnoll hits you but does no damage. The gnoll completely misses you.
You barely miss the gnoll. The gnoll hits you with a +0 whip.
The gnoll barely misses you.
You slash the gnoll!
The gnoll is severely wounded.
You closely miss the gnoll. The gnoll barely misses you.
The gnoll hits you from afar with a +0 spear.
The gnoll closely misses you.
The gnoll hits you from afar with a +0 spear.
The gnoll hits you with a +0 flail. The gnoll hits you with a +0 whip.
You slash the gnoll!
You kill the gnoll!
You hit the gnoll. The gnoll hits you with a +0 flail.
The gnoll hits you from afar with a +0 spear.
Your Fighting skill increases to level 2!
The gnoll barely misses you.
Things that are here:
a +0 whip; a +0 flail; a gnoll corpse You hit the gnoll.
The gnoll is heavily wounded.
You closely miss the gnoll.
The gnoll hits you but does no damage. x2
The gnoll hits you with a +0 flail!
* * * LOW HITPOINT WARNING * * *
The gnoll barely misses you.
Unknown command.
You barely miss the gnoll.
The gnoll is heavily wounded.
You barely miss the gnoll. The gnoll hits you with a +0 flail.
You die...

#####.............
.....##.##.#.##.##..
.....##.##..†.......
....≈##.###...#.###[
.....##.###...#
≈≈≈†.##.......#
≈≈≈..######...# #.#
≈#≈..# #...#####.....
≈#)..# #....ghg..#
≈#...######...#####.#
≈+.............
≈≈≈.............
≈≈......)........
.....######...###
.....# #.... .#.###
#... ...#


You could see 2 gnolls.

Vanquished Creatures
  2 gnolls (D:3)
  A dart slug (D:2)
  A worm (D:3)
  4 orcs (D:3)
  6 ball pythons
  3 endoplasms
  3 giant cockroaches
  9 goblins
  4 hobgoblins
  2 jackals (D:1)
  6 kobolds
  A quokka (D:2)
  8 bats
  4 frilled lizards
  7 rats
61 creatures vanquished.

Notes
Turn   | Place    | Note
-------+----------+-------------------------------------------
     0 | D:1      | Shayle the Human Shapeshifter began the quest for the Orb.
     0 | D:1      | Reached XP level 1. HP: 15/15 MP: 1/1
    65 | D:1      | Reached XP level 2. HP: 18/21 MP: 2/2
   330 | D:1      | Reached XP level 3. HP: 24/26 MP: 3/3
   887 | D:2      | Reached XP level 4. HP: 32/33 MP: 4/4
   950 | D:2      | Reached skill level 1 in Earth Magic
  1539 | D:3      | Found a stormy altar of Qazlal.
  1585 | D:3      | HP: 1/33 [gnoll/+0 flail (11)]
  1586 | D:3      | Slain by a gnoll

Illustrated notes

Levels and vault maps discovered:
D:1:      dpeg_arrival_subterranean_lakeside_camping, layout_rooms,
          minivault_26, minmay_pentomino_z2
D:2:      layout_basic
D:3:      layout_loops_cross, nicolae_qazlal_general_emergency,
          portal_sewer_entry_a

Skill      XL: |  1  2  3  4 |
---------------+-------------+-----
Earth Magic    | 1 |  1.3
Fighting       | 2 |  2.0
Dodging        | |  2.7
Unarmed Combat | |  3.6
Shapeshifting  | |  3.4

Action                     |  1- 3 |  4- 6 || total
---------------------------+-------+-------++-------
  Melee: Unarmed           |   102 |       ||   102
         Broad axe         |     5 |    47 ||    52
         Punch             |     3 |       ||     3
    Use: Scroll            |     6 |     3 ||     9
 Armour: Animal skin       |    18 |       ||    18
         Chain mail        |    56 |    39 ||    95
  Dodge: Dodged            |    67 |    21 ||    88

Table legend: (Time is in decaauts)
 A = Elapsed time spent in this place.
 B = Non-inter-level travel time spent in this place.
 C = Inter-level travel time spent in this place.
 D = Time resting spent in this place.
 E = Time spent auto-exploring this place.
 F = Levels seen in this place.
 G = Mean time per level.
                   A        B        C        D        E       F      G
               +--------+--------+--------+--------+--------+-----+--------+
         Total |   1612 |   1573 |     39 |     45 |    962 |   3 |  537.3 |
       Dungeon |   1612 |   1573 |     39 |     45 |    962 |   3 |  537.3 |
               +--------+--------+--------+--------+--------+-----+--------+

Top non-repeatable levels by time:
     D:2: 795 daAuts
     D:1: 708 daAuts
     D:3: 109 daAuts
